 Dungeon Crawl Stone Soup version 0.28-a0-819-g6ef7baa362 (console) character file.

Game seed: 2047146983276755283

3873 petzl the Covert (level 10, -2/66 HPs)
             Began as an Octopode Arcane Marksman on Nov 8, 2021.
             Shot with a sling bullet by Joseph (17 damage)
             ... on level 7 of the Dungeon.
             The game lasted 01:09:06 (12770 turns).

petzl the Covert (Octopode Arcane Marksman)        Turns: 12770, Time: 01:09:07

Health: -2/66      AC:  1    Str: 10    XL:     10   Next: 19%
Magic:  29/30      EV: 14    Int: 18    God:
Gold:   8          SH:  8    Dex: 13    Spells: 22/23 levels left

rFire   + . .      SeeInvis .   c - +2 short sword (elec)
rCold   + . .      Faith    .   C - +3 buckler {rC+}
rNeg    . . .      Spirit   .   (helmet restricted)
rPois   .          Reflect  .   (no amulet)
rElec   .          Harm     .   B - ring of magical power
rCorr   .          Rampage  .   e - ring of protection from fire
Will    .....                   (no ring)
Stlth   +++++.....              (no ring)
HPRegen 0.21/turn               (no ring)
MPRegen 0.22/turn               (no ring)
                                (no ring)
                                (no ring)

@: marked, hasted (expiring), very quick
A: almost no armour, amphibious, 8 rings, camouflage 1, gelatinous body 1,
(nimble swimmer 1), tentacles
a: no special abilities


You were on level 7 of the Dungeon.
You visited 2 branches of the dungeon, and saw 10 of its levels.

You collected 367 gold pieces.
You spent 359 gold pieces at shops.

Inventory:

Hand Weapons
 a - a +0 hand crossbow
 b - a +2 spear of venom {!f =f}
 c - a +2 short sword of electrocution (weapon)
 d - a +0 mace of holy wrath
 g - a +2 vorpal war axe {!f =f}
 z - a +3 short sword
 D - a +6 dagger of electrocution {!f =f}
Missiles
 j - 10 boomerangs
 l - 32 poisoned darts (quivered)
 x - 16 bolts
Armour
 r - a +0 tower shield
 C - a +3 buckler of cold resistance (worn)
Jewellery
 e - a ring of protection from fire (right tentacle)
 s - a ring of ice
 B - a ring of magical power (left tentacle)
Wands
 v - a wand of polymorph (7)
Scrolls
 m - a scroll of amnesia
 p - a scroll of fog
 q - a scroll of torment
 u - a scroll of magic mapping
 w - 2 scrolls of identify
Potions
 h - 2 potions of curing
 n - a potion of resistance {unknown}
 o - a potion of lignification
 E - a potion of berserk rage {unknown}


   Skills:
 + Level 5.4 Fighting
 - Level 3.0 Short Blades
 - Level 5.0 Crossbows
 - Level 5.0 Dodging
 + Level 8.0 Stealth
 - Level 4.0 Shields
 * Level 7.3 Spellcasting
 - Level 3.1 Hexes
 - Level 3.0 Evocations


You had 22 spell levels left.
You knew the following spells:

 Your Spells              Type           Power      Damage    Failure   Level
a - Slow                  Hex            68%        N/A       3%          1

Your spell library contained the following spells:

 Spells                   Type           Power      Damage    Failure   Level
 Inner Flame              Hex/Fire       12%        N/A       17%         3
 Portal Projectile        Hex/Tloc       24%        N/A       17%         3
 Cause Fear               Hex            8%         N/A       28%         4
 Fireball                 Conj/Fire      3%         3d4       96%         5
 Starburst                Conj/Fire      3%         6d3       100%        6
 Ignition                 Fire           3%         3d4       100%        8


Dungeon Overview and Level Annotations

Branches:
Dungeon (9/15)             Temple (1/1) D:5
   Lair: D:8-11         Orc: D:9-12

Altars:
Ashenzari
Cheibriados
Dithmenos
Fedhas
Hepliaklqana
Makhleb
Okawaru
Qazlal
Ru
Sif Muna
Trog
Uskayaw
Wu Jian
Xom
Yredelemnul
Zin
The Shining One
Lugonu

Shops:
D:3 *   D:6 !

Annotations:
D:2 Crazy Yiuf
D:6 2 transporters, exclusion: downstairs, Menkaure; rozman's ghost, novice OgWz
D:7 exclusion: 2 downstairs, Joseph
D:8 exclusions: downstairs and upstairs, Gastronok; Prince Ribbit
D:9 exclusion: upstairs


Innate Abilities, Weirdness & Mutations

You cannot wear most types of armour.
You are amphibious.
You can wear up to eight rings at the same time.
Your skin changes colour to match your surroundings (Stealth+).
Your rubbery body absorbs attacks. (AC +1, EV +1)
((You are camouflaged near water. (Stealth+)))
You have tentacles for arms and can constrict up to eight enemies at once.


Message History

Press: ? - help, Q - select action, (/) - cycle Shift-Dir - straight line, f - Harold, p - gnoll
Aim: Harold, wielding a +0 long sword and wearing a +0 scale mail (almost dead, very poisoned, 70% to hit)
You throw a poisoned dart. The poisoned dart hits Harold.
Harold is almost dead.
There is a broken door here.
Throw: 33 darts (poison)
Press: ? - help, Q - select action, (/) - cycle Shift-Dir - straight line, f/p - Harold
Aim: Harold, wielding a +0 long sword and wearing a +0 scale mail (almost dead, very poisoned, 70% to hit)
You throw a poisoned dart. The poisoned dart hits Harold.
Harold looks as sick as possible!
Harold is almost dead.
Harold casts a spell at you. The mark upon you grows brighter.
There is a stone staircase leading down here.
Harold fires a harpoon shot at you. The harpoon shot hits you!
* * * LOW HITPOINT WARNING * * *
You are yanked forward by the harpoon shot.
There is a broken door here.
Your extra speed is starting to run out.
You kill Harold!
Training target 3.0 for Evocations reached!
Your Stealth skill increases to level 8!
Your Spellcasting skill increases to level 7!
Your Evocations skill increases to level 3!
There is a stone staircase leading down here.
This staircase is marked as excluded!
Enter next level anyway?
Okay, then.
Unknown command.
Unknown command.
Unknown command.
Press: ? - help, v - describe, . - travel
Here: Joseph, wielding a +0 hunting sling, wearing a +0 ring mail and quivering sling bullets The floor.
Unknown command.
This staircase is marked as excluded!
Enter next level anyway?
Joseph shoots a sling bullet.
The sling bullet hits you!
You die...

### #.# #.# #.# #.# #(#
############# #.#
#.....).....# #.#
#...........# #.#
#...........#
#.#########...........#
#.....................#
#.#########....g......# #.#
#...g.......# ######'######
#...........#
#...........####...........#
#.....@....................#
#...........#####'##########
######'###### #.## #...#..
#)# #..# #...#..
#@###########.###...#..
#g(.@g.@..)((..........
#.###########..##....## #)#
##.#####.#
######'############..####.##
#.........@...[.............
#........###########e####.##
#........# #..#.....
#........# ##.#.#)##
#........# ######...#)##
#........# #.........)..
#........# #.#####..#.<.
#........# #.# #..#[##
#........# ###.### ##.#.##
#........# #.....# #.....


You could see Joseph and a gnoll.

Vanquished Creatures
  Harold (D:7)
  A troll (D:5)
  Grinder (D:6)
  Sigmund (D:5)
  Duvessa (D:7)
  An orc warrior (D:4)
  A sky beast (D:6)
  3 black bears
  An ogre (D:7)
  2 necrophages
  A centaur (D:7)
  2 kobold brigands
  2 bullfrogs
  A gnoll sergeant (D:7)
  A scorpion (D:5)
  A water moccasin zombie (D:7)
  A water moccasin skeleton (D:7)
  2 killer bees (D:9)
  3 wights (D:7)
  2 howler monkeys
  4 hounds
  3 centaur zombies
  5 orc priests
  A jelly (D:4)
  2 gnoll shamans
  3 centaur skeletons
  6 orc wizards
  3 adders
  11 gnolls
  2 white imps (D:8)
  2 ufetubi (D:5)
  5 worms
  A dart slug (D:7)
  33 orcs
  7 endoplasms
  4 giant cockroaches
  10 goblins
  9 hobgoblins
  10 jackals
  A quokka (D:4)
  6 ball pythons
  A bat (D:2)
  3 frilled lizards
  13 kobolds
  5 rats
179 creatures vanquished.

Vanquished Creatures (collateral kills)
  Dowan (D:7)
  7 kobolds (D:7)
8 creatures vanquished.

Vanquished Creatures (others)
  An orc wizard (D:8)
  A quokka (D:8)
  27 plants (D:4)
29 creatures vanquished.

Grand Total: 216 creatures vanquished

Notes
Turn   | Place    | Note
-------+----------+-------------------------------------------
     0 | D:1      | petzl the Octopode Arcane Marksman began the quest for the
                  | Orb.
     0 | D:1      | Reached XP level 1. HP: 13/13 MP: 2/2
   112 | D:1      | Reached XP level 2. HP: 14/18 MP: 3/3
   168 | D:1      | Reached skill level 1 in Stealth
   355 | D:1      | Found a faded altar of an unknown god.
   392 | D:1      | Reached XP level 3. HP: 13/23 MP: 4/4
   614 | D:1      | Reached skill level 1 in Short Blades
  1013 | D:1      | You fall into a shaft and drop 1 floor!
  1079 | D:2      | Found a shimmering blue altar of Sif Muna.
  1587 | D:3      | Found Geuvo Ugaf's Assorted Antiques.
  1661 | D:2      | Found a runed translucent door.
  1662 | D:2      | Noticed Crazy Yiuf
  1877 | D:2      | Reached XP level 4. HP: 27/28 MP: 6/6
  2182 | D:3      | Noticed a +0 short sword
  2182 | D:3      | Noticed a +0 falchion
  2182 | D:3      | Noticed a +0 short sword
  2182 | D:3      | Noticed a +0 spear
  2183 | D:3      | Noticed a +0 falchion
  2184 | D:3      | Noticed a +0 dagger
  2184 | D:3      | Noticed a +0 dagger
  2192 | D:3      | Noticed a +0 spear
  2264 | D:3      | Found a hide-covered altar of Uskayaw.
  3046 | D:5      | Entered Level 5 of the Dungeon
  3059 | D:5      | Identified the +1 robe of Dim Light {Will+}
  3079 | D:5      | Noticed a necrophage
  3131 | D:5      | Noticed a black bear
  3325 | D:3      | Bought a scroll labelled MEMUSAETEE for 29 gold pieces
  3325 | D:3      | Bought a scroll of identify for 58 gold pieces
  3362 | D:4      | Found a broken altar of Ashenzari.
  3368 | D:4      | Found a hazy altar of Hepliaklqana.
  3412 | D:4      | Reached skill level 2 in Stealth
  3497 | D:4      | Reached XP level 5. HP: 28/33 MP: 8/8
  3555 | D:4      | Found a stormy altar of Qazlal.
  3563 | D:4      | Noticed a necrophage
  3574 | D:4      | Killed a necrophage
  3699 | D:5      | Reached XP level 6. HP: 39/39 MP: 9/9
  3725 | D:5      | Noticed a troll
  3752 | D:4      | Found a shadowy altar of Dithmenos.
  3818 | D:4      | Reached skill level 1 in Shields
  4418 | D:5      | Killed a necrophage
  4419 | D:5      | Reached skill level 3 in Stealth
  4463 | D:5      | Noticed an orc warrior
  4502 | D:5      | Reached XP level 7. HP: 39/45 MP: 5/11
  4702 | D:5      | Noticed Sigmund
  5241 | D:6      | Reached skill level 4 in Stealth
  5305 | D:6      | Found a bloodstained altar of Trog.
  5306 | D:6      | Found a burning altar of Makhleb.
  5435 | D:6      | Found a sacrificial altar of Ru.
  5450 | D:6      | Found a glowing golden altar of the Shining One.
  5549 | D:7      | Reached XP level 8. HP: 52/52 MP: 12/14
  5924 | D:6      | Found Siawkos's Distillery.
  5935 | D:6      | Noticed Menkaure
  6139 | D:3      | Bought a brown potion for 26 gold pieces
  6139 | D:3      | Bought a scroll labelled ZUIMUMMO ULECS for 29 gold pieces
  6321 | D:5      | Killed a troll
  6522 | D:5      | Found a staircase to the Ecumenical Temple.
  6530 | Temple   | Entered the Ecumenical Temple
  6902 | D:6      | Reached skill level 5 in Stealth
  7289 | D:7      | Found a snail-covered altar of Cheibriados.
  7293 | D:7      | Reached skill level 5 in Spellcasting
  7305 | D:6      | Found a transporter.
  7350 | D:6      | Found a transporter.
  7354 | D:6      | Noticed rozman's ghost (novice OgWz)
  7493 | D:6      | Noticed Grinder
  7494 | D:6      | Paralysed by Grinder for 2 turns
  7507 | D:6      | Paralysed by Grinder for 7 turns
  7512 | D:6      | Killed Grinder
  7513 | D:6      | Reached XP level 9. HP: 45/58 MP: 16/16
  8446 | D:7      | Noticed Harold
  8469 | D:7      | Noticed Duvessa
  8499 | D:7      | Noticed Dowan
  8551 | D:7      | Reached skill level 6 in Stealth
  8848 | D:7      | Noticed Joseph
  8884 | D:7      | Killed Dowan
  9131 | D:8      | Noticed Prince Ribbit
  9241 | D:7      | Reached skill level 5 in Dodging
 10035 | D:8      | Reached skill level 1 in Evocations
 10874 | D:5      | Killed Sigmund
 10875 | D:5      | Reached skill level 5 in Crossbows
 10875 | D:5      | Reached skill level 7 in Stealth
 10977 | D:3      | Bought a runed buckler for 217 gold pieces
 12684 | D:8      | Noticed Gastronok
 12730 | D:7      | Killed Duvessa
 12731 | D:7      | Reached skill level 5 in Fighting
 12731 | D:7      | Reached XP level 10. HP: 49/66 MP: 20/20
 12769 | D:7      | Killed Harold
 12770 | D:7      | Reached skill level 8 in Stealth
 12770 | D:7      | Shot with a sling bullet by Joseph

Illustrated notes

Levels and vault maps discovered:
D:1:      minmay_arrival_stone_box, layout_rooms,
          shapermc_ecumenical_altar_starsandcircs,
          hangedman_decor_diamond_cutter
D:2:      layout_rooms, basic_altar, uniq_crazy_yiuf_cottage
D:3:      layout_rooms, nicolae_uskayaw_en_pointe, serial_shops, shop_statue,
          minivault_25
D:4:      layout_rooms, grunt_temple_overflow_open,
          mainiacjoe_overflow_catch_the_wave, st_stairs_2
D:5:      layout_cave_pods, minmay_temple_entry_glassed_door, uniq_sigmund
D:6:      layout_loops_ring, grunt_temple_overflow_cloverleaf,
          gammafunk_ghost_stat_death, serial_shops, nicolae_take_the_stairs,
          uniq_grinder, uniq_menkaure
D:7:      layout_basic, kennysheep_slug_shrine, uniq_joseph, uniq_duvessa,
          uniq_harold
D:8:      layout_cave_pods, grunt_gozag_breadcrumbs, elyvilon_altar_4,
          chequers_serial_rivers_room_b, uniq_gastronok, uniq_prince_ribbit1
D:9:      layout_irregular_city, fiery_altar_vehumet,
          nemelex_spade_bored_becter, david_lair_generic, minmay_between
Temple:   corrupted_temple

Skill      XL: |  1  2  3  4  5  6  7  8  9 10 |
---------------+-------------------------------+-----
Stealth        | 1 2 3 4 5 7 8 |  8.0
Short Blades   | 1 2 3 |  3.0
Spellcasting   | 2 3 4 5 6 7 |  7.3
Dodging        | 3 4 5 |  5.0
Fighting       | 2 3 5 |  5.4
Shields        | 1 2 3 4 |  4.0
Crossbows      | 3 4 5 |  5.0
Evocations     | 2 3 |  3.0
Hexes          | |  3.1

Action                   |  1- 3 |  4- 6 |  7- 9 | 10-12 || total
-------------------------+-------+-------+-------+-------++-------
Melee: Short sword       |    88 |    76 |    71 |     6 ||   241
       Constrict         |    19 |    16 |    41 |     1 ||    77
       Tentacles         |    11 |    14 |    37 |       ||    62
       Whip              |       |       |    16 |       ||    16
       Spear             |       |       |   136 |     4 ||   140
 Fire: Hand crossbow     |     2 |    48 |    93 |       ||   143
Throw: Dart              |       |     9 |    68 |     4 ||    81
       Throwing net      |       |       |     2 |       ||     2
 Cast: Slow              |       |    22 |   103 |       ||   125
Evoke: Wand              |       |       |     7 |       ||     7
  Use: Scroll            |       |     5 |     7 |       ||    12
       Potion            |       |       |     6 |     4 ||    10
 Stab: Sleeping          |     3 |     2 |     6 |       ||    11
Armor: Skin              |    11 |     3 |    20 |     2 ||    36
Dodge: Dodged            |    60 |    52 |   124 |     3 ||   239
Block: Buckler           |       |       |    20 |     9 ||    29

Table legend: (Time is in decaauts)
 A = Elapsed time spent in this place.
 B = Non-inter-level travel time spent in this place.
 C = Inter-level travel time spent in this place.
 D = Time resting spent in this place.
 E = Time spent auto-exploring this place.
 F = Levels seen in this place.
 G = Mean time per level.
                   A        B        C        D        E       F      G
               +--------+--------+--------+--------+--------+-----+--------+
         Total |  12823 |  11855 |    968 |   4751 |   1909 |  10 | 1282.3 |
       Dungeon |  12777 |  11822 |    955 |   4751 |   1883 |   9 | 1419.7 |
        Temple |     45 |     32 |     13 |      0 |     26 |   1 |   45.0 |
               +--------+--------+--------+--------+--------+-----+--------+

Top non-repeatable levels by time:
     D:7: 2632 daAuts
     D:6: 2134 daAuts
     D:5: 1749 daAuts
     D:4: 1508 daAuts
     D:1: 1480 daAuts
     D:3: 1056 daAuts
     D:8: 1030 daAuts
     D:2: 637 daAuts
     D:9: 547 daAuts
  Temple: 45 daAuts
